 Dungeon Crawl Stone Soup version 0.28.0-53-g5a82cb258f (webtiles) character file.

Game seed: 3942025450507148690

7845 reversiblehash the Blocker (level 11, -10/89 HPs)
             Began as a Gnoll Fighter on June 12, 2022.
             Was an Initiate of Gozag.
             Mangled by a death yak (19 damage)
             ... on level 9 of the Dungeon.
             The game lasted 00:15:04 (8500 turns).

reversiblehash the Blocker (Gnoll Fighter)          Turns: 8500, Time: 00:15:05

Health: -10/89     AC: 26    Str: 18    XL:     11   Next: 21%
Magic:  0/20       EV:  4    Int:  7    God:    Gozag
Gold:   751        SH:  6    Dex: 14    Spells: 22/22 levels left

rFire   . . .      SeeInvis +   o - +9 staff of Olgreb {rPois∞}
rCold   + . .      Faith    .   c - +0 buckler
rNeg    + + +      Spirit   +   b - +0 crystal plate armour "Seenwaj" {Contam rN+++ Will- Regen+}
rPois   ∞          Reflect  .   s - +0 helmet
rElec   .          Harm     .   G - +1 cloak
rCorr   .          Rampage  .   E - +0 pair of gloves
Will    .....                   F - +0 pair of boots of a Gauntlet {rC+ SInv}
Stlth   ..........              y - amulet of guardian spirit
HPRegen 1.04/turn               (no ring)
MPRegen 0.17/turn               (no ring)

@: mighty, gold aura
A: fangs 2, strong nose, distributed training, sense surroundings 1
a: Renounce Religion, Evoke the Staff of Olgreb, Potion Petition, Call Merchant,
Bribe Branch


You were on level 9 of the Dungeon.
You worshipped Gozag.
Gozag was pleased with you.
You visited 2 branches of the dungeon, and saw 10 of its levels.

You collected 818 gold pieces.
You paid 67 gold pieces to Gozag.

Inventory:

Hand Weapons
 d - the +7 hand axe of the Final Decision {vorpal, *Noise rPois MP+9 Int+2}
   (You took it off an orc on level 5 of the Dungeon)

   It inflicts extra damage upon your enemies.
   Int:       It affects your intelligence (+2).
   rPois:     It protects you from poison.
   MP:        It affects your magic capacity (+9).
   *Noise:    It may make noises in combat.
 n - a +2 hand axe of electrocution
 o - the +9 staff of Olgreb (weapon) {rPois∞}
   (You acquired it on level 3 of the Dungeon)

   If the wielder is skilled in Evocations, they can envenom those struck by it,
   dealing poison damage which bypasses armour.
   It enhances your poison magic.
   It grants immunity to poison.
   It can be activated via the 'a'bility menu to radiate toxic energy, with
   effectiveness depending on Evocations skill.
 B - a +3 short sword of flaming
Missiles
 q - 27 poisoned darts (quivered)
Armour
 b - the +0 crystal plate armour "Seenwaj" (worn) {Contam rN+++ Will- Regen+}
   (You acquired it on level 5 of the Dungeon)

   rN:        It renders you almost immune to negative energy.
   Contam:    It causes magical contamination when unequipped.
   Regen:     It increases your rate of health regeneration.
   Will:      It decreases your willpower.
 c - a +0 buckler (worn)
 s - a +0 helmet (worn)
 C - the +1 leather armour of Untold Secrets {rF++ Int+5 Slay-6}
   (You took it off an orc on level 5 of the Dungeon)

   Int:       It affects your intelligence (+5).
   Slay:      It affects your accuracy & damage with ranged weapons and melee
   (-6).
   rF:        It greatly protects you from fire.
 E - a +0 pair of gloves (worn)
 F - the +0 pair of boots of a Gauntlet (worn) {rC+ SInv}
   (You found it on level 5 of the Dungeon)

   rC:        It protects you from cold.
   SInv:      It lets you see invisible.
 G - a +1 cloak (worn)
Jewellery
 a - an amulet of magic regeneration
 y - an amulet of guardian spirit (around neck)
 O - an amulet of the acrobat
Wands
 l - a wand of flame (49)
 p - a wand of mindburst (14)
 z - a wand of acid (6)
Scrolls
 f - a scroll of fog
 g - 4 scrolls of magic mapping
 j - a scroll of blinking
 r - 3 scrolls of enchant weapon
 t - 2 scrolls of holy word
 w - a scroll of torment
 A - a scroll of enchant armour
 D - a scroll of vulnerability {unknown}
 H - a scroll of noise {unknown}
 I - a scroll of teleportation {unknown}
 J - a scroll of immolation {unknown}
 L - a scroll of fear {unknown}
 M - 2 scrolls of brand weapon {unknown}
 P - a scroll of identify
Potions
 e - a potion of lignification {unknown}
 h - 2 potions of mutation
 i - 2 potions of heal wounds {unknown}
 k - a potion of magic {unknown}
 m - a potion of resistance {unknown}
 u - 3 potions of curing
 v - a potion of ambrosia {unknown}
 x - 2 potions of cancellation {unknown}
 K - 2 potions of flight {unknown}


   Skills:
 + Level 9.0 Fighting
 + Level 6.1 Short Blades
 + Level 6.1 Long Blades
 + Level 7.7 Axes
 + Level 6.1 Maces & Flails
 + Level 6.1 Polearms
 + Level 6.1 Staves
 + Level 6.1 Slings
 + Level 6.1 Bows
 + Level 6.1 Crossbows
 + Level 6.1 Throwing
 + Level 9.0 Armour
 + Level 6.1 Dodging
 + Level 6.1 Stealth
 + Level 9.0 Shields
 + Level 6.1 Unarmed Combat
 + Level 6.1 Spellcasting
 + Level 5.0 Conjurations
 + Level 5.0 Hexes
 + Level 5.0 Summonings
 + Level 5.0 Necromancy
 + Level 5.0 Translocations
 + Level 5.0 Transmutations
 + Level 5.0 Fire Magic
 + Level 5.0 Ice Magic
 + Level 5.0 Air Magic
 + Level 5.0 Earth Magic
 + Level 5.0 Poison Magic
 + Level 6.6 Invocations
 + Level 6.1 Evocations


You had 22 spell levels left.
You didn't know any spells.
Your spell library contained the following spells:

 Spells                   Type           Power      Damage    Failure   Level
 Magic Dart               Conj           36%        1d4       100%        1
 Call Imp                 Summ           9%         N/A       100%        2
 Static Discharge         Conj/Air       9%         N/A       100%        2
 Call Canine Familiar     Summ           9%         N/A       100%        3
 Dazzling Flash           Conj/Hex       18%        N/A       100%        3
 Frozen Ramparts          Ice            18%        1d3       100%        3
 Mephitic Cloud           Conj/Pois/Air  13%        N/A       100%        3
 Portal Projectile        Hex/Tloc       18%        N/A       100%        3
 Stone Arrow              Conj/Erth      18%        3d8       100%        3
 Animate Armour           Summ/Erth      18%        N/A       100%        4
 Dispel Undead            Necr           9%         3d8       100%        4
 Ice Form                 Ice/Tmut       9%         N/A       100%        4
 Iskenderun's Mystic Bla  Conj/Tloc      9%         2d4       100%        4
 Leda's Liquefaction      Hex/Erth       4%         N/A       100%        4
 Sticky Flame             Conj/Fire      9%         2d3       100%        4
 Summon Ice Beast         Ice/Summ       9%         N/A       100%        4
 Blade Hands              Tmut           4%         N/A       100%        5
 Irradiate                Conj/Tmut      4%         3d15      100%        5
 Starburst                Conj/Fire      4%         6d4       100%        6
 Dragon Form              Tmut           4%         N/A       100%        7
 Lehudib's Crystal Spear  Conj/Erth      4%         10d3      100%        8


Dungeon Overview and Level Annotations

Branches:
Dungeon (9/15)             Temple (1/1) D:7            Lair (0/6) D:9
    Orc: D:9-12

Altars:
Ashenzari
Cheibriados
Dithmenos
Elyvilon
Fedhas
Gozag
Hepliaklqana
Kikubaaqudgha
Makhleb
Nemelex Xobeh
Okawaru
Qazlal
Ru
Sif Muna
Trog
Uskayaw
Vehumet
Wu Jian
Xom
Yredelemnul
Zin
The Shining One
Beogh


Innate Abilities, Weirdness & Mutations

You have extremely sharp teeth.
Your uncanny sense of smell can sniff out nearby items.
Your experience applies equally to all skills.
You passively map a small area around you.


Message History

You completely miss the two-headed ogre.
The two-headed ogre is almost dead.
The two-headed ogre hits you with a +0 giant club.
* * * LOW HITPOINT WARNING * * *
The two-headed ogre hits you with a +0 giant club.
* * * LOW HITPOINT WARNING * * *
You closely miss the two-headed ogre.
The two-headed ogre is almost dead.
You block the two-headed ogre's attack. The two-headed ogre barely misses you.
You sock the two-headed ogre!
You kill the two-headed ogre!
Your Conjurations skill increases to level 5!
Your Hexes skill increases to level 5!
Your Summonings skill increases to level 5!
Your Necromancy skill increases to level 5!
Your Translocations skill increases to level 5!
Your Transmutations skill increases to level 5!
Your Fire Magic skill increases to level 5!
Your Ice Magic skill increases to level 5!
Your Air Magic skill increases to level 5!
Your Earth Magic skill increases to level 5!
Your Poison Magic skill increases to level 5!
You sock the death yak!
The death yak is lightly wounded.
The death yak gores you but does no damage.
You sock the death yak!
The death yak is moderately wounded.
You barely miss the death yak.
The death yak is moderately wounded.
The death yak gores you but does no damage.
You barely miss the death yak.
You bite the death yak, but do no damage.
The death yak is moderately wounded.
The death yak gores you!
* * * LOW HITPOINT WARNING * * *
You barely miss the death yak.
The death yak is moderately wounded.
The death yak gores you!!
You die...
Your body crumbles into a pile of gold.

########### ** #### * *
..........., , ... , , ,
.....#.#### #.#* *** *
##.###.#..###### #.##
##.###.#.......####..########
...............'@Y..$........
,
##.###.#.......#####..#######.
#.............######..##.....
##.###.##.#..........#Y.......
..........#.########..O.......
, ####...####....# #.#...#...#
, ..)##.....'....#
#.#.....>..* .≈..#.#####...(#
#.......... §§§.#)# #....#
##.........


You could see a death yak.

Vanquished Creatures
  A boulder beetle (D:9)
  3 death yaks (D:9)
  A two-headed ogre (D:9)
  The ghost of trickyswaf the Digger, a novice GrEE (D:5)
  A wraith (D:9)
  5 yaks (D:9)
  2 steam dragons
  The ghost of Agrostarius the Conjurer, an amateur HuCj (D:3)
  Duvessa (D:5)
  An orc warrior (D:6)
  4 ice beasts
  4 sky beasts
  2 necrophages (D:6)
  3 centaurs
  A phantom (D:7)
  2 kobold brigands
  2 bullfrogs
  A wyvern zombie (D:6)
  A scorpion (D:7)
  Dowan (D:5)
  9 killer bees (D:9)
  5 wights (D:6)
  2 howler monkeys
  A crimson imp (D:9)
  2 centaur zombies (D:9)
  A hound (D:5)
  A centaur skeleton (D:6)
  2 jellies
  5 orc priests
  Crazy Yiuf (D:5)
  A bullfrog skeleton (D:4)
  2 iguanas
  10 orc wizards
  2 hound skeletons
  2 howler monkey zombies
  4 gnolls (D:4)
  4 adders
  2 white imps
  2 worms (D:3)
  2 dart slugs (D:2)
  30 orcs
  2 endoplasms
  A giant cockroach (D:1)
  4 goblins
  7 hobgoblins
  3 jackals
  2 quokkas
  A ball python (D:4)
  A bat (D:2)
  23 kobolds
  3 rats
175 creatures vanquished.

Notes
Turn   | Place    | Note
-------+----------+-------------------------------------------
     0 | D:1      | reversiblehash the Gnoll Fighter began the quest for the
                  | Orb.
     0 | D:1      | Reached XP level 1. HP: 23/23 MP: 1/1
   260 | D:1      | Reached XP level 2. HP: 26/29 MP: 2/2
   386 | D:1      | Found a faded altar of an unknown god.
   959 | D:2      | Reached XP level 3. HP: 27/35 MP: 2/4
  1057 | D:2      | Found a shadowy altar of Dithmenos.
  1135 | D:2      | Reached skill level 1 in Invocations
  1204 | D:2      | Reached skill level 1 in Short Blades
  1204 | D:2      | Reached skill level 1 in Long Blades
  1204 | D:2      | Reached skill level 1 in Maces & Flails
  1204 | D:2      | Reached skill level 1 in Polearms
  1204 | D:2      | Reached skill level 1 in Staves
  1204 | D:2      | Reached skill level 1 in Slings
  1204 | D:2      | Reached skill level 1 in Bows
  1204 | D:2      | Reached skill level 1 in Crossbows
  1204 | D:2      | Reached skill level 1 in Throwing
  1204 | D:2      | Reached skill level 1 in Dodging
  1204 | D:2      | Reached skill level 1 in Stealth
  1204 | D:2      | Reached skill level 1 in Unarmed Combat
  1204 | D:2      | Reached skill level 1 in Spellcasting
  1204 | D:2      | Reached skill level 1 in Evocations
  1503 | D:3      | Reached XP level 4. HP: 33/41 MP: 5/5
  2160 | D:3      | Found a runed translucent gate.
  2160 | D:3      | Found a runed translucent gate.
  2168 | D:3      | Noticed Agrostarius's ghost (amateur HuCj)
  2170 | D:3      | Found a runed translucent gate.
  2170 | D:3      | Noticed a kobold brigand
  2339 | D:3      | Identified a scroll of acquirement
  2340 | D:3      | Acquired the +9 staff of Olgreb {rPois∞}
  2340 | D:3      | Found the +9 staff of Olgreb {rPois∞}
  2359 | D:3      | Killed Agrostarius's ghost
  2360 | D:3      | Reached skill level 1 in Conjurations
  2360 | D:3      | Reached skill level 1 in Hexes
  2360 | D:3      | Reached skill level 1 in Summonings
  2360 | D:3      | Reached skill level 1 in Necromancy
  2360 | D:3      | Reached skill level 1 in Translocations
  2360 | D:3      | Reached skill level 1 in Transmutations
  2360 | D:3      | Reached skill level 1 in Fire Magic
  2360 | D:3      | Reached skill level 1 in Ice Magic
  2360 | D:3      | Reached skill level 1 in Air Magic
  2360 | D:3      | Reached skill level 1 in Earth Magic
  2360 | D:3      | Reached skill level 1 in Poison Magic
  2360 | D:3      | Reached XP level 5. HP: 41/47 MP: 5/7
  2364 | D:3      | Killed a kobold brigand
  2365 | D:3      | Reached XP level 6. HP: 47/53 MP: 5/8
  2739 | D:4      | Reached skill level 5 in Axes
  3386 | D:4      | Reached XP level 7. HP: 53/59 MP: 10/10
  3679 | D:5      | Entered Level 5 of the Dungeon
  3692 | D:5      | Found a runed translucent gate.
  3692 | D:5      | Found a runed translucent gate.
  3693 | D:5      | Found a runed translucent gate.
  3698 | D:5      | Noticed trickyswaf's ghost (novice GrEE)
  3699 | D:5      | Identified the +7 hand axe of the Final Decision {vorpal,
                  | *Noise rPois MP+9 Int+2}
  3699 | D:5      | Identified the +1 leather armour of Untold Secrets {rF++
                  | Int+5 Slay-6}
  4332 | D:5      | Noticed Dowan
  4333 | D:5      | Noticed Duvessa
  4346 | D:5      | Killed Duvessa
  4347 | D:5      | HP: 1/60 [Dowan/stone arrow (13)]
  4349 | D:5      | Gained mutation: You passively map a small area around you.
                  | [potion of mutation]
  4349 | D:5      | Gained mutation: You have extremely sharp teeth. [potion of
                  | mutation]
  4357 | D:5      | Killed Dowan
  4722 | D:5      | Found a runed translucent door.
  4723 | D:5      | Noticed Crazy Yiuf
  4824 | D:5      | Killed trickyswaf's ghost
  4825 | D:5      | Reached XP level 8. HP: 42/67 MP: 12/12
  4919 | D:5      | Identified the +0 pair of boots of a Gauntlet {rC+ SInv}
  5057 | D:5      | Killed Crazy Yiuf
  5073 | D:5      | Acquired the +0 crystal plate armour "Seenwaj" {Contam
                  | rN+++ Will- Regen+}
  5348 | D:6      | Reached XP level 9. HP: 72/72 MP: 14/14
  5589 | D:6      | Found a radiant altar of Vehumet.
  5788 | D:6      | Identified the +0 chain mail of the Bulwark {Str+3}
  6070 | D:7      | Found a staircase to the Ecumenical Temple.
  6239 | Temple   | Entered the Ecumenical Temple
  6421 | Temple   | Became a worshipper of Gozag Ym Sagoz the Greedy
  6660 | D:7      | Reached skill level 5 in Invocations
  7362 | D:8      | Reached XP level 10. HP: 80/80 MP: 14/17
  7655 | D:9      | Reached skill level 5 in Short Blades
  7655 | D:9      | Reached skill level 5 in Long Blades
  7655 | D:9      | Reached skill level 5 in Maces & Flails
  7655 | D:9      | Reached skill level 5 in Polearms
  7655 | D:9      | Reached skill level 5 in Staves
  7655 | D:9      | Reached skill level 5 in Slings
  7655 | D:9      | Reached skill level 5 in Bows
  7655 | D:9      | Reached skill level 5 in Crossbows
  7655 | D:9      | Reached skill level 5 in Throwing
  7655 | D:9      | Reached skill level 5 in Dodging
  7655 | D:9      | Reached skill level 5 in Stealth
  7655 | D:9      | Reached skill level 5 in Unarmed Combat
  7655 | D:9      | Reached skill level 5 in Spellcasting
  7655 | D:9      | Reached skill level 5 in Evocations
  7714 | D:9      | Noticed a boulder beetle
  7731 | D:9      | Killed a boulder beetle
  8448 | D:9      | Found a staircase to the Lair.
  8448 | D:9      | Noticed a death yak
  8448 | D:9      | Noticed a death yak
  8449 | D:9      | Noticed a death yak
  8449 | D:9      | Noticed a two-headed ogre
  8449 | D:9      | Noticed a death yak
  8471 | D:9      | Killed a death yak
  8482 | D:9      | Killed a death yak
  8483 | D:9      | Reached XP level 11. HP: 48/87 MP: 11/19
  8489 | D:9      | Killed a death yak
  8495 | D:9      | Killed a two-headed ogre
  8496 | D:9      | Reached skill level 5 in Conjurations
  8496 | D:9      | Reached skill level 5 in Hexes
  8496 | D:9      | Reached skill level 5 in Summonings
  8496 | D:9      | Reached skill level 5 in Necromancy
  8496 | D:9      | Reached skill level 5 in Translocations
  8496 | D:9      | Reached skill level 5 in Transmutations
  8496 | D:9      | Reached skill level 5 in Fire Magic
  8496 | D:9      | Reached skill level 5 in Ice Magic
  8496 | D:9      | Reached skill level 5 in Air Magic
  8496 | D:9      | Reached skill level 5 in Earth Magic
  8496 | D:9      | Reached skill level 5 in Poison Magic
  8500 | D:9      | Mangled by a death yak

Illustrated notes

Levels and vault maps discovered:
D:1:      lemuel_arrival_room, layout_basic,
          hellmonk_ecumenical_altar_arch_garden
D:2:      layout_rooms, basic_altar
D:3:      layout_loops_cross, gammafunk_ghost_nasty_kobolds
D:4:      layout_loops_ring, kennysheep_potato
D:5:      layout_basic, biasface_ghost_orc_armoury, kennysheep_nub,
          uniq_crazy_yiuf_cottage, uniq_duvessa
D:6:      layout_cave_pools, kennysheep_little_box, serial_glass,
          glass_columns_a, glass_columns_a, corexii_hall_statues_u,
          minmay_tree_intersection, kennysheep_pointless_box, grunt_ministairs_1
D:7:      layout_loops_ring, minmay_temple_entry_nine_rooms
D:8:      layout_gridville, minmay_misc_feat_diagonals, dk_rats_in_the_wall
D:9:      layout_basic, dpeg_lair_monsters, minmay_fire_ice_demons
Temple:   minmay_crystal_snake_temple

Skill      XL: |  1  2  3  4  5  6  7  8  9 10 11 |
---------------+----------------------------------+-----
Invocations    | 1 2 3 4 5 6 |  6.6
Short Blades   | 1 2 3 4 5 6 |  6.1
Long Blades    | 1 2 3 4 5 6 |  6.1
Maces & Flails | 1 2 3 4 5 6 |  6.1
Polearms       | 1 2 3 4 5 6 |  6.1
Staves         | 1 2 3 4 5 6 |  6.1
Slings         | 1 2 3 4 5 6 |  6.1
Bows           | 1 2 3 4 5 6 |  6.1
Crossbows      | 1 2 3 4 5 6 |  6.1
Throwing       | 1 2 3 4 5 6 |  6.1
Dodging        | 1 2 3 4 5 6 |  6.1
Stealth        | 1 2 3 4 5 6 |  6.1
Unarmed Combat | 1 2 3 4 5 6 |  6.1
Spellcasting   | 1 2 3 4 5 6 |  6.1
Evocations     | 1 2 3 4 5 6 |  6.1
Conjurations   | 1 2 3 4 5 |  5.0
Hexes          | 1 2 3 4 5 |  5.0
Summonings     | 1 2 3 4 5 |  5.0
Necromancy     | 1 2 3 4 5 |  5.0
Translocations | 1 2 3 4 5 |  5.0
Transmutations | 1 2 3 4 5 |  5.0
Fire Magic     | 1 2 3 4 5 |  5.0
Ice Magic      | 1 2 3 4 5 |  5.0
Air Magic      | 1 2 3 4 5 |  5.0
Earth Magic    | 1 2 3 4 5 |  5.0
Poison Magic   | 1 2 3 4 5 |  5.0
Axes           | 5 6 7 |  7.7
Fighting       | 7 8 9 |  9.0
Armour         | 7 8 9 |  9.0
Shields        | 7 8 9 |  9.0

Action                   |  1- 3 |  4- 6 |  7- 9 | 10-12 || total
-------------------------+-------+-------+-------+-------++-------
Melee: War axe           |    75 |    10 |       |       ||    85
       Bite              |     5 |     5 |    25 |    28 ||    63
       Staff             |       |    96 |   277 |   168 ||   541
       Hand axe          |       |     4 |       |       ||     4
Throw: Dart              |       |       |     4 |       ||     4
  Use: Scroll            |     1 |     5 |     4 |       ||    10
       Potion            |       |       |     2 |     1 ||     3
 Stab: Distracted        |       |       |       |     1 ||     1
Armor: Scale mail        |    34 |    29 |    27 |       ||    90
       Crystal plate arm |       |       |   158 |   112 ||   270
       Leather armour    |       |       |     2 |       ||     2
Dodge: Dodged            |    31 |    34 |    52 |    18 ||   135
Block: Buckler           |    20 |    17 |    59 |    37 ||   133
